Map: Abyssal Reef LE

Players

Harstem

  • Race: Protoss Protoss
  • League: Grandmaster
  • Spawn Location: 5:00

LiquidElazer (Elazer) - Winner!

  • Race: Zerg Zerg
  • Spawn Location: 11:00

Event: HomeStory Cup XXVI

VOD

Have the link to the VOD?

Description

Time

  • Played on: Nov. 30, 2024, 2:11 p.m.
  • Length: 8:39

All games in this series

Show
View Real Time Build Order
Export as new Build Order

Harstem Protoss 

Build Orders: 1 Gate Expand, Oracle Opening 

Get SALT Encoding   

  12  0:00  Probe  
  13  0:12  Probe  
  14  0:18  Pylon  
  14  0:24  Probe  
  15  0:32  Probe  
  15  0:38  Gateway  
  15  0:40  Probe  
  16  0:47  Assimilator  
  17  0:51  Probe  
  18  1:03  Probe  
  19  1:15  Probe  
  20  1:24  Nexus  
  20  1:35  Cybernetics Core  
  20  1:37  Probe  
  21  1:43  Assimilator  
  21  1:49  Probe  
  21  1:52  Pylon  
  22  2:01  Adept, Probe  
  23  2:13  Probe  
  26  2:21  Stargate  
  26  2:23  Adept  
  26  2:25  Probe  
  27  2:34  Probe  
  27  2:35  Warp Gate  
  29  2:37  Probe  
  29  2:42  Probe  
  31  2:49  Probe  
  33  2:52  Probe  
  36  3:01  Probe  
  36  3:04  Void Ray  
  37  3:05  Probe  
  42  3:13  Probe  
  42  3:18  Probe, Pylon  
  44  3:25  Probe  
  45  3:31  Gateway, Probe  
  45  3:33  Oracle, Pylon  
  46  3:38  Probe  
  45  3:43  Probe  
  49  3:50  Probe  
  50  3:58  Probe  
  50  3:59  Nexus  
  51  4:03  Pylon  
  51  4:04  Probe  
  51  4:07  Assimilator  
  52  4:10  Probe  
  52  4:14  Assimilator  
  52  4:16  Probe  
  54  4:22  Fleet Beacon  
  54  4:24  Probe  
  54  4:28  Probe  
  55  4:36  Probe, Stargate  
  56  4:41  Probe  
  56  4:42  Pylon  
  57  4:48  Probe  
  58  4:53  Probe  
  58  4:55  Tempest  
  59  5:00  Probe  
  59  5:05  Probe  
  65  5:10  Tempest  
  65  5:11  Probe  
  65  5:12  Probe  
  67  5:17  Probe  
  67  5:19  Shield Battery  
  72  5:23  Probe  
  72  5:24  Probe  
  72  5:26  Adept  
  76  5:29  Tempest, Probe  
  77  5:36  Pylon, Probe x2  
  77  5:41  Probe  
  84  5:42  Forge  
  84  5:44  Adept  
  86  5:53  Assimilator, Probe  
  86  5:55  Protoss Ground Weapons Level 1  
  89  5:57  Assimilator  
  89  5:58  Twilight Council, Probe  
  89  5:59  Probe  
  91  6:05  Probe  
  91  6:10  Probe  
  94  6:11  Probe  
  94  6:13  Stalker x2, Pylon  
  94  6:17  Blink, Probe  
  95  6:22  Gateway, Probe  
  95  6:23  Gateway, Probe  
  95  6:25  Pylon  
  97  6:29  Probe  
  97  6:32  Pylon  
  98  6:33  Gateway  
  98  6:34  Probe  
  100  6:40  Gateway  
  100  6:42  Pylon  
  100  6:44  Stalker x2  
  105  6:49  Templar Archives  
  103  6:58  Probe  
  103  7:00  Pylon  
  104  7:06  Shield Battery  
  104  7:08  Sentry, Photon Cannon  
  104  7:09  Sentry  
  104  7:12  Pylon  
  104  7:13  Probe  
  109  7:19  Gateway  
  109  7:20  Stalker  
  103  7:23  Gateway  
  103  7:29  Stalker  
  97  7:32  Stalker x2  
  97  7:35  Stalker  
  97  7:36  Probe  
  98  7:44  Stalker  
  98  7:47  Probe  
  97  7:57  Stalker x3  
  92  7:58  Probe  
  92  7:59  Probe  
  92  8:01  Stalker  
  92  8:03  Probe  
  85  8:10  Stalker  
  89  8:13  Stalker  
  83  8:21  Stalker  
  83  8:22  Stalker x3  
  83  8:23  Probe  
  83  8:26  Stalker  
Show
View Real Time Build Order
Export as new Build Order

LiquidElazer Zerg - Winner!

Build Orders: Hatch First 

Get SALT Encoding   

  12  0:00  Drone  
  13  0:08  Drone  
  13  0:14  Extractor  
  13  0:15  Drone  
  15  0:22  Overlord  
  15  0:40  Drone  
  16  0:46  Hatchery  
  15  0:50  Drone  
  15  0:54  Drone  
  17  0:57  Drone  
  18  1:09  Extractor  
  17  1:13  Spawning Pool  
  17  1:16  Drone  
  17  1:19  Drone  
  18  1:26  Drone  
  19  1:37  Drone  
  20  1:48  Drone  
  21  1:59  Queen  
  21  2:00  Zergling x2, Queen  
  26  2:04  Overlord  
  26  2:09  Drone x2  
  26  2:14  Metabolic Boost  
  28  2:22  Drone x2  
  30  2:36  Hatchery  
  29  2:42  Queen  
  31  2:45  Drone  
  31  2:47  Zergling x2  
  33  2:52  Overlord  
  33  2:56  Zergling x2  
  33  2:57  Zergling x2  
  35  2:59  Drone  
  35  3:03  Overlord  
  36  3:10  Drone x3  
  36  3:11  Drone  
  40  3:13  Drone  
  40  3:15  Drone  
  40  3:18  Drone  
  43  3:23  Drone x2  
  45  3:27  Spore Crawler  
  45  3:30  Spore Crawler, Drone  
  45  3:31  Drone  
  45  3:39  Drone x4  
  45  3:40  Drone  
  50  3:42  Drone  
  50  3:46  Drone  
  52  3:50  Overlord  
  52  3:58  Spore Crawler  
  52  4:00  Overlord  
  52  4:01  Overlord  
  51  4:09  Drone x3, Lair  
  54  4:13  Zergling x4  
  54  4:16  Zergling x4  
  58  4:19  Drone x2  
  58  4:24  Drone x3  
  62  4:27  Drone x3  
  62  4:30  Drone x2  
  65  4:32  Overlord  
  65  4:34  Drone  
  65  4:36  Drone  
  65  4:38  Extractor  
  66  4:40  Extractor  
  66  4:42  Overlord  
  65  4:46  Overlord  
  65  4:49  Drone x4, Extractor  
  68  4:58  Drone x7  
  75  5:01  Overlord  
  75  5:02  Extractor  
  74  5:07  Drone  
  74  5:08  Extractor  
  74  5:11  Overlord  
  74  5:12  Spire  
  73  5:16  Drone x2  
  73  5:17  Drone x2  
  73  5:18  Drone  
  73  5:20  Drone  
  79  5:22  Overlord  
  79  5:26  Roach Warren  
  78  5:32  Drone x3  
  78  5:33  Zergling x4  
  78  5:34  Hatchery  
  81  5:36  Zergling x6  
  84  5:46  Zergling x6  
  86  5:50  Overlord x2  
  86  5:53  Overlord  
  84  6:15  Overlord  
  84  6:23  Corruptor x10  
  104  6:26  Corruptor  
  104  6:28  Overlord  
  104  6:32  Roach x3  
  111  6:37  Roach x2  
  111  6:38  Roach  
  118  6:40  Roach  
  118  6:44  Roach x2  
  122  6:47  Roach x2  
  122  6:51  Overlord x2  
  126  6:59  Ravager x3  
  126  7:00  Zergling x14  
  126  7:01  Zergling x2  
  137  7:02  Ravager  
  137  7:07  Zergling x2  
  139  7:10  Ravager  
  139  7:11  Ravager  
  139  7:12  Zergling x10  
  146  7:22  Zergling x4  
  148  7:25  Ravager x3  
  148  7:27  Zergling x4  
  148  7:29  Ravager  
  147  7:34  Zergling x4  
  147  7:35  Zergling x10  
  153  7:43  Zergling x10  
  152  7:50  Zergling x4  
  143  7:54  Zergling x2  
  135  8:02  Ravager, Roach x8  
  135  8:05  Hatchery  
  148  8:09  Hatchery, Zergling x2  
  140  8:19  Zergling x6  
Tags
 
Add a new tag
Caveats
  • Supply blocks, unpowered buildings, or Contaminate may cause inaccurate times.
  • Supply counts are checked every 10 seconds.